 Dungeon Crawl Stone Soup version 0.31-a0-1616-gbeaec30b81 (webtiles) character file.

Game seed: 7063330683937226908

18174 Xavori the Nimble (level 12, -8/96 HPs)
             Began as a Djinni Chaos Knight on Jan 11, 2024.
             Was a Plaything of Xom.
             Mangled by a shadow (26 damage)
             ... on level 11 of the Dungeon.
             The game lasted 00:16:58 (15099 turns).

Xavori the Nimble (Djinni Chaos Knight)            Turns: 15099, Time: 00:16:58

Health: -8/96      AC: 16    Str: 12    XL:     12   Next: 91%
Gold:   823        EV: 15    Int: 22    God:    Xom [...*..] SH:  9 Dex: 19

rFire   + + .        p - +2 falchion (protect)
rCold   . . .        D - +0 kite shield
rNeg    . . .        y - +2 leather armour "Urraqarch" {rElec Str+3 Int+3}
rPois   ∞            m - +0 helmet
rElec   +            (no cloak)
rCorr   +            (no gloves)
SInv    .            (boots unavailable)
Will    +....        s - amulet of the acrobat
Stlth   +            t - ring of resist corrosion
HPRegen 1.96/turn    E - ring of protection from cold
MPRegen 0.00/turn

%: acrobat, infuse magic (-9 HP)
@: under a protective aura, flying, studying Unarmed Combat
A: sickness immunity, fire resistance 2, cold vulnerability 1, float, innate
caster, HP casting, extra vitality 1, agile 1, clever 1, regeneration 2, robust
1, shaggy fur 2, MP-powered wands
a: Renounce Religion


You were on level 11 of the Dungeon.
You worshipped Xom.
You were a favourite toy of Xom.
You visited 1 branch of the dungeon, and saw 11 of its levels.
You also visited: Bailey.

You collected 823 gold pieces.

Inventory:

Hand Weapons
 a - a +0 falchion of chaos
 p - a +2 falchion of protection (weapon)
Missiles
 z - 2 throwing nets (quivered)
Armour
 b - a +2 leather armour
 m - a +0 helmet (worn)
 y - the +2 leather armour "Urraqarch" (worn) {rElec Str+3 Int+3}
   (You found it on level 6 of the Dungeon)

   Str+3:     It affects your strength (+3).
   Int+3:     It affects your intelligence (+3).
   rElec:     It insulates you from electricity.
 D - a +0 kite shield (worn)
Jewellery
 s - an amulet of the acrobat (around neck)
 t - a ring of resist corrosion (left hand)
 u - a ring of ice
 E - a ring of protection from cold (right hand)
Wands
 k - a wand of iceblast (22)
 x - a wand of paralysis (28)
 A - a wand of digging (13)
 C - a wand of flame (5)
 J - a wand of polymorph (3)
Scrolls
 c - 2 scrolls of butterflies
 f - 2 scrolls of revelation
 i - a scroll of vulnerability
 j - a scroll of torment
 o - a scroll of amnesia {unknown}
 v - 2 scrolls of poison
 B - 3 scrolls of teleportation
 F - a scroll of enchant weapon {unknown}
 H - a scroll of blinking {unknown}
 I - 4 scrolls of immolation {unknown}
 K - a scroll of identify
Potions
 d - 7 potions of mutation
 e - a potion of attraction {unknown}
 g - 4 potions of haste {unknown}
 h - 4 potions of curing
 l - 2 potions of might {unknown}
 n - a potion of lignification {unknown}
 q - 3 potions of cancellation
 r - 5 potions of brilliance {unknown}
 w - 2 potions of berserk rage {unknown}
 G - a potion of degeneration {unknown}


   Skills:
 + Level 8.3 Fighting
 + Level 7.6 Long Blades
 + Level 7.7 Armour
 + Level 8.7 Dodging
 * Level 1.9 Shields
 * Level 8.6 Spellcasting
 * Level 8.6 Conjurations
 * Level 8.6 Hexes
   Level 0.0 Charms
 * Level 8.6 Summonings
 * Level 8.6 Necromancy
 * Level 8.6 Translocations
   Level 0.0 Transmutations
 * Level 8.6 Fire Magic
 * Level 8.6 Ice Magic
 * Level 8.6 Air Magic
 * Level 8.6 Earth Magic
 * Level 8.6 Alchemy
 * Level 6.4 Evocations


You knew the following spells:

 Your Spells              Type           Power      Damage    Failure   Level
a - Kiss of Death         Conj/Necr      100%       2d13      1%          1
b - Scorch                Fire           94%        2d8       1%          2
c - Static Discharge      Conj/Air       94%        3-7/arc   1%          2
d - Animate Dead          Necr           47%        N/A       11%         4
e - Vhi's Electric Charg  Tloc/Air       94%        N/A       11%         4
Your spell library was empty.

Dungeon Overview and Level Annotations

Branches:
Dungeon (11/15)            Temple (0/1) D:6            Lair (0/5) D:8
    Orc (0/2) D:10         Bailey (visited)

Altars:
Ashenzari
Okawaru
Ru
Xom
Yredelemnul
Zin
The Shining One


Innate Abilities, Weirdness & Mutations

You are immune to sickness and miasma.
You are immune to poison.
Your flesh is very heat resistant. (rF++)
You are vulnerable to cold. (rC-)
You float through the air rather than walking.
You learn spells naturally, not from books.
Your magical power is your life essence.
You have superior vitality. (+4 MHP)
You are agile. (Dex +4, Str/Int -1)
Your mind is acute. (Int +4, Str/Dex -1)
You heal very quickly.
You are robust. (+10% HP)
You are covered in thick fur. (AC +2)
You expend health (3 HP) to strengthen your wands.


Message History

The komodo dragon is almost dead.
The komodo dragon misses you. You block the komodo dragon's attack.
You hit the komodo dragon but do no damage.
The komodo dragon is almost dead.
An orc wizard appears from thin air!
Reactivating autopickup.
The komodo dragon bites you!
You closely miss the komodo dragon.
The komodo dragon is almost dead.
You block the komodo dragon's attack.
You hit the komodo dragon.
The komodo dragon is almost dead. "Hum-dee-hum-dee-hum..."
The centaur evaporates and reforms as a hobgoblin!
The komodo dragon closely misses you.
The hobgoblin picks up a +0 orcbow.
The hobgoblin wields a +0 orcbow.
You barely miss the komodo dragon.
The komodo dragon is almost dead.
The komodo dragon bites you!
You barely miss the komodo dragon.
The komodo dragon is almost dead.
The orc wizard cheers loudly.
The komodo dragon bites you!!
* * * LOW HITPOINT WARNING * * *
Unknown command.
Okay, then.
Aiming: Paralyse
Press: ? - help, Shift-Dir - straight line, f - komodo dragon
Aim: a komodo dragon (almost dead, chance to affect: 53%)
You feel a surge of power!
The komodo dragon suddenly stops moving!
* * * LOW HITPOINT WARNING * * *
The helpless komodo dragon fails to defend itself.
You slash the komodo dragon!
You kill the komodo dragon!
The hobgoblin shoots an arrow.
You feel better.
The shadow strikes at you from the darkness!
You die...
Xom snickers!

#..# #..# ..# #.# #..#
#..# #.# #..# #..# #.#
#..# #..# #.# #..# #..#
#.# #.Z# #..# #.#
#..#######..# #.#
............# #@#
............# #)#
##..........####k#######
#..............og...$..
#...)..................
#......................
#......................
#..............!.).....
#....................<.


You could see a wyvern, an orc wizard and a hobgoblin.

Vanquished Creatures
  An orc warlord (Bailey)
  A dancing weapon (Bailey)
  Pikel (D:6)
  An unseen horror (D:10)
  A komodo dragon (D:11)
  2 hornets
  A troll (D:11)
  A raiju (D:9)
  Prince Ribbit (D:7)
  A vampire (D:10)
  4 yaks (D:9)
  A wyvern (D:8)
  A human (D:7)
  2 steam dragons (D:9)
  A warg (D:8)
  5 water moccasins
  An ice beast (D:7)
  4 orc warriors
  A sky beast (D:8)
  5 centaurs
  A wolf (D:8)
  2 lemures (D:6)
  2 kobold brigands
  A bullfrog (D:8)
  Blork the orc (D:6)
  A gnoll sergeant (D:6)
  2 scorpions
  5 wights (D:7)
  Dowan (D:4)
  13 killer bees
  3 howler monkeys
  2 hounds
  A jelly (D:5)
  2 orc priests
  A gnoll bouda (D:7)
  3 iguanas
  Natasha (twice) (D:2)
  13 orc wizards
  Robin (D:4)
  12 gnolls
  6 adders
  A white imp (D:6)
  A ribbon worm (D:2)
  3 dart slugs
  43 orcs
  6 endoplasms
  4 giant cockroaches
  19 goblins
  11 hobgoblins
  5 jackals
  7 quokkas
  3 ball pythons
  3 bats
  2 frilled lizards
  17 kobolds
  4 rats
240 creatures vanquished.

Vanquished Creatures (collateral kills)
  A two-headed ogre (D:8)
  2 kobold demonologists (D:10)
  A yak (D:9)
  Eustachio (D:3)
  A human (D:7)
  8 orc warriors
  A wolf (D:8)
  2 centaurs (D:11)
  A kobold brigand (D:8)
  A weeping skull (D:7)
  A bullfrog (D:7)
  3 howler monkeys
  An iguana (D:3)
  A gnoll (Bailey)
  13 orcs
  9 goblins (Bailey)
  4 hobgoblins (Bailey)
  9 kobolds
  A spectral orc (D:7)
61 creatures vanquished.

Vanquished Creatures (others)
  Duvessa (D:4)
  A raiju zombie (D:9)
  A killer bee (D:6)
  A yak zombie (D:9)
  2 centaur zombies (D:11)
  2 orc wizards
  A steam dragon zombie (D:9)
  A dart slug (D:4)
  A gnoll zombie (Bailey)
  4 goblin zombies (Bailey)
  A hobgoblin zombie (Bailey)
  2 kobold zombies
  6 orc zombies
24 creatures vanquished.

Grand Total: 325 creatures vanquished

Notes
Turn   | Place    | Note
-------+----------+-------------------------------------------
     0 | D:1      | Xavori the Djinni Chaos Knight began the quest for the Orb.
     0 | D:1      | Reached XP level 1. HP: 20/20 MP: 0/0
    67 | D:1      | XOM: divination: detect items
    77 | D:1      | Reached XP level 2. HP: 25/25 MP: 0/0
   546 | D:1      | XOM: silly message
   690 | D:1      | Reached XP level 3. HP: 30/30 MP: 0/0
   690 | D:1      | Learned a level 1 spell: Kiss of Death
   787 | D:1      | XOM: divination: detect items
   789 | D:1      | Reached skill level 1 in Spellcasting
   789 | D:1      | Reached skill level 1 in Conjurations
   789 | D:1      | Reached skill level 1 in Hexes
   789 | D:1      | Reached skill level 1 in Summonings
   789 | D:1      | Reached skill level 1 in Necromancy
   789 | D:1      | Reached skill level 1 in Translocations
   789 | D:1      | Reached skill level 1 in Fire Magic
   789 | D:1      | Reached skill level 1 in Ice Magic
   789 | D:1      | Reached skill level 1 in Air Magic
   789 | D:1      | Reached skill level 1 in Earth Magic
   789 | D:1      | Reached skill level 1 in Alchemy
  1978 | D:1      | XOM: summons 1 hostile shadow creature
  2421 | D:1      | XOM: draining
  2660 | D:1      | XOM: god gift: 38 gold pieces
  3849 | D:1      | XOM: cloud trail
  4021 | D:1      | XOM is BORED!
  4021 | D:1      | XOM: torment (14/25 hp)
  4291 | D:1      | XOM: god gift: great sword {god gift}
  4302 | D:1      | XOM: cloud trail
  4677 | D:1      | XOM: god gift: scroll labelled MIGHUIM FERAUR {god gift}
  4692 | D:1      | XOM: god gift: book of Iron
  4945 | D:1      | XOM: give mutations
  4945 | D:1      | Gained mutation: You have a pair of small antennae on your
                  | head. [Xom's mischief]
  4945 | D:1      | Gained mutation: You are weak. (Str -2) [Xom's mischief]
  4945 | D:1      | Gained mutation: You occasionally lose the ability to read
                  | scrolls when taking damage. [Xom's mischief]
  5062 | D:1      | XOM: noise
  5757 | D:1      | XOM: torment (14/25 hp)
  6140 | D:1      | XOM: torment (14/25 hp)
  6346 | D:1      | XOM: stat loss: -1 Str (8/9)
  6398 | D:1      | XOM: silly message
  7220 | D:1      | XOM: give mutations
  7220 | D:1      | Gained mutation: You are dopey. (Int -2) [Xom's mischief]
  7220 | D:1      | Gained mutation: You are covered in fur. (AC +1) [Xom's
                  | mischief]
  7220 | D:1      | Lost mutation: You have a pair of small antennae on your
                  | head. [Xom's mischief]
  7220 | D:1      | Gained mutation: You expend health (3 HP) to strengthen
                  | your wands. [Xom's mischief]
  7430 | D:1      | XOM is BORED!
  7538 | D:1      | XOM: give mutations
  7538 | D:1      | Gained mutation: You are agile. (Dex +4, Str/Int -1) [Xom's
                  | grace]
  7694 | D:1      | XOM: give mutations
  7694 | D:1      | Gained mutation: You are strong-willed. (Will+) [Xom's
                  | grace]
  7694 | D:1      | Gained mutation: You are partially covered in large bone
                  | plates. (SH +4) [Xom's grace]
  7694 | D:1      | Gained mutation: You are very agile. (Dex +8, Str/Int -2)
                  | [Xom's grace]
  7746 | D:1      | XOM: divination: magic mapping
  7906 | D:2      | Reached XP level 4. HP: 30/34 MP: 0/0
  7952 | D:2      | Noticed Natasha
  7957 | D:2      | Killed Natasha
  7966 | D:2      | Reached XP level 5. HP: 27/40 MP: 0/0
  7966 | D:2      | Learned a level 2 spell: Scorch
  8089 | D:2      | XOM: 8-stop teleportation journey
  8166 | D:2      | XOM: divination: detect items
  8397 | D:2      | Noticed Natasha
  8406 | D:2      | Killed Natasha
  8524 | D:3      | XOM: scenery: create altars
  8685 | D:3      | XOM: give mutations
  8685 | D:3      | Gained mutation: Your natural rate of healing is unusually
                  | fast. [Xom's grace]
  8685 | D:3      | Gained mutation: You are robust. (+10% HP) [Xom's grace]
  8685 | D:3      | Gained mutation: You are covered in thick fur. (AC +2)
                  | [Xom's grace]
  8685 | D:3      | Gained mutation: You heal very quickly. [Xom's grace]
  8712 | D:3      | XOM: divination: magic mapping
  8819 | D:4      | Noticed Eustachio
  8819 | D:4      | XOM: cleaving
  8856 | D:3      | XOM: summons friendly white imp
  8859 | D:3      | XOM: cleaving
  8861 | D:3      | XOM: confuse monster(s)
  8864 | D:3      | Killed Eustachio
  8865 | D:3      | Reached XP level 6. HP: 48/51 MP: 0/0
  8871 | D:4      | XOM: cleaving
  8901 | D:4      | XOM: god gift: staff of air
  8901 | D:4      | Noticed Robin
  8908 | D:4      | Killed Robin
  8912 | D:4      | Reached XP level 7. HP: 56/56 MP: 0/0
  8912 | D:4      | Learned a level 2 spell: Static Discharge
  9003 | D:4      | Noticed Dowan
  9004 | D:4      | XOM: summons friendly crimson imp
  9005 | D:4      | Noticed Duvessa
  9023 | D:4      | Killed Duvessa
  9030 | D:4      | Killed Dowan
  9143 | D:4      | XOM: polymorph crimson imp -> ufetubus
  9173 | D:4      | XOM: noise
  9448 | D:5      | Entered Level 5 of the Dungeon
  9558 | D:5      | Reached XP level 8. HP: 56/63 MP: 0/0
  9583 | D:5      | Found a glowing silver altar of Zin.
  9794 | D:5      | Found a glowing golden altar of the Shining One.
  9942 | D:6      | XOM: confuse monster(s)
  9975 | D:6      | Noticed Pikel
 10007 | D:6      | Noticed Blork the orc
 10011 | D:6      | XOM: cast spell 'Olgreb's Toxic Radiance'
 10022 | D:6      | Killed Pikel
 10023 | D:6      | Reached skill level 5 in Fighting
 10023 | D:6      | Reached skill level 5 in Dodging
 10023 | D:6      | Reached XP level 9. HP: 68/71 MP: 0/0
 10023 | D:6      | Learned a level 4 spell: Animate Dead
 10033 | D:6      | Killed Blork the orc
 10034 | D:6      | Reached skill level 5 in Spellcasting
 10034 | D:6      | Reached skill level 5 in Conjurations
 10034 | D:6      | Reached skill level 5 in Hexes
 10034 | D:6      | Reached skill level 5 in Summonings
 10034 | D:6      | Reached skill level 5 in Necromancy
 10034 | D:6      | Reached skill level 5 in Translocations
 10034 | D:6      | Reached skill level 5 in Fire Magic
 10034 | D:6      | Reached skill level 5 in Ice Magic
 10034 | D:6      | Reached skill level 5 in Air Magic
 10034 | D:6      | Reached skill level 5 in Earth Magic
 10034 | D:6      | Reached skill level 5 in Alchemy
 10194 | D:6      | Identified the +2 leather armour "Urraqarch" {rElec Str+3
                  | Int+3}
 10195 | D:6      | XOM: cloud trail
 10395 | D:6      | Reached skill level 5 in Long Blades
 10454 | D:6      | Found a staircase to the Ecumenical Temple.
 10490 | D:6      | XOM: give mutations
 10490 | D:6      | Lost mutation: You are very agile. (Dex +8, Str/Int -2)
                  | [Xom's mischief]
 10490 | D:6      | Lost mutation: You are dopey. (Int -2) [Xom's mischief]
 10490 | D:6      | Lost mutation: You occasionally lose the ability to read
                  | scrolls when taking damage. [Xom's mischief]
 10739 | D:7      | Noticed Prince Ribbit
 10749 | D:7      | Killed Prince Ribbit
 10852 | D:7      | XOM: polymorph gnoll bouda -> scorpion
 10938 | D:7      | XOM: summons 2 friendly demons
 11044 | D:7      | Reached skill level 5 in Armour
 11049 | D:7      | XOM: silly message
 11093 | D:7      | Reached XP level 10. HP: 79/79 MP: 0/0
 11132 | D:7      | XOM: potion effect (invisibility)
 11328 | D:7      | Found an iron altar of Okawaru.
 11333 | D:7      | XOM: enchant monster (bad)
 11335 | D:7      | XOM: confuse monster(s)
 11395 | D:7      | Found a broken altar of Ashenzari.
 11397 | D:7      | Found a faded altar of an unknown god.
 11399 | D:7      | Found a sacrificial altar of Ru.
 11815 | D:7      | Found a basalt altar of Yredelemnul.
 11911 | D:7      | XOM: summons 2 hostile shadow creatures
 12040 | D:8      | XOM: summons friendly iron imp
 12335 | D:8      | XOM: 2-stop teleportation journey
 12362 | D:8      | Found a staircase to the Lair.
 12362 | D:8      | Noticed a two-headed ogre
 12362 | D:8      | XOM: 6-stop teleportation journey
 12378 | D:8      | Killed a two-headed ogre
 12677 | D:8      | XOM: repel stairs
 12681 | D:8      | XOM: polymorph killer bee -> hog
 12687 | D:8      | XOM: swap monsters
 12705 | D:8      | XOM: polymorph hog -> warg
 12709 | D:8      | Reached XP level 11. HP: 85/85 MP: 0/0
 12709 | D:8      | Learned a level 4 spell: Vhi's Electric Charge
 12717 | D:8      | Reached skill level 1 in Evocations
 12728 | D:8      | XOM: blink monster(s)
 12798 | D:9      | XOM: polymorph howler monkey -> raiju
 12945 | D:9      | XOM: summons friendly shadow imp
 12954 | D:9      | XOM: cleaving
 12975 | D:9      | XOM: confuse monster(s)
 13102 | D:9      | XOM: scenery: 1 doors open
 13200 | D:9      | Found a flagged portal.
 13254 | D:9      | XOM: summons 6 hostile demons
 13274 | Bailey   | XOM: stealth player
 13274 | Bailey   | Entered a bailey
 13377 | Bailey   | XOM: stat loss: -1 Str (10/11)
 13402 | Bailey   | XOM: silly message
 13508 | Bailey   | Noticed an orc warlord
 13520 | Bailey   | XOM: confuse monster(s)
 13545 | Bailey   | Killed an orc warlord
 13595 | Bailey   | Identified the +10 spear of Valour {pain, rPois rCorr Str-4
                  | Int+4}
 13615 | Bailey   | Reached skill level 5 in Evocations
 13615 | Bailey   | Reached XP level 12. HP: 94/94 MP: 0/0
 13718 | D:9      | XOM: give mutation
 13718 | D:9      | Gained mutation: Your mind is acute. (Int +4, Str/Dex -1)
                  | [Xom's grace]
 13808 | D:9      | Noticed a two-headed ogre
 13982 | D:9      | XOM: god gift: staff of conjuration
 14004 | D:10     | Entered Level 10 of the Dungeon
 14056 | D:10     | XOM: noise
 14066 | D:10     | Found a staircase to the Orcish Mines.
 14326 | D:10     | XOM: cast spell 'Metabolic Englaciation'
 14401 | D:10     | Identified the +2 buckler "Weotwi" {rC+ Dex+5}
 14447 | D:10     | Noticed a sixfirhy
 14454 | D:10     | Noticed a soul eater
 14457 | D:10     | Noticed a sixfirhy
 14458 | D:10     | XOM: scenery: create altars
 14468 | D:10     | Reached skill level 1 in Shields
 14472 | D:10     | Noticed a soul eater
 14525 | D:10     | XOM: scenery: 2 doors open
 14750 | D:10     | XOM: give mutations
 14750 | D:10     | Lost mutation: You are partially covered in large bone
                  | plates. (SH +4) [Xom's mischief]
 14750 | D:10     | Lost mutation: You are weak. (Str -2) [Xom's mischief]
 14750 | D:10     | Lost mutation: You are strong-willed. (Will+) [Xom's
                  | mischief]
 14881 | D:11     | XOM: cast spell 'Chain of Chaos'
 14882 | D:11     | XOM: enchant monster (bad)
 14901 | D:11     | XOM: divination: detect items
 14904 | D:11     | XOM: summons 3 friendly demons
 14913 | D:11     | XOM: enchant monster (bad)
 15034 | D:11     | XOM: noise
 15041 | D:11     | XOM: noise
 15052 | D:11     | XOM: cast spell 'Summon Horrible Things'
 15094 | D:11     | XOM: polymorph centaur -> hobgoblin
 15099 | D:11     | Mangled by a shadow

Illustrated notes

Levels and vault maps discovered:
D:1:      dpeg_arrival_simpleton_a, layout_loops_corners,
          dreamdust_princess_bridge
D:2:      layout_basic, uniq_natasha
D:3:      layout_basic
D:4:      layout_basic, uniq_duvessa, uniq_eustachio, uniq_robin
D:5:      layout_rooms, tso_oasis_becter, old_standard_altar,
          minmay_misc_feat_chi
D:6:      layout_loops_ring, minmay_temple_entry_offerings, uniq_blork_the_orc,
          uniq_pikel
D:7:      layout_basic, okawaru_humans, yredelemnul_forgotten_temple_becter,
          chequers_temple_overflow_minitemple, uniq_prince_ribbit1
D:8:      layout_basic, erik_lair_orcish_takeover
D:9:      layout_irregular_city, enter_bailey_2
D:10:     layout_gridville, orc_0_dummy, nicolae_nh_ransacked_shop
D:11:     layout_long_grid, st_stairs_12

Skill      XL: |  1  2  3  4  5  6  7  8  9 10 11 12 |
---------------+-------------------------------------+-----
Spellcasting   | 1 2 3 4 5 7 8 |  8.6
Conjurations   | 1 2 3 4 5 7 8 |  8.6
Hexes          | 1 2 3 4 5 7 8 |  8.6
Summonings     | 1 2 3 4 5 7 8 |  8.6
Necromancy     | 1 2 3 4 5 7 8 |  8.6
Translocations | 1 2 3 4 5 7 8 |  8.6
Fire Magic     | 1 2 3 4 5 7 8 |  8.6
Ice Magic      | 1 2 3 4 5 7 8 |  8.6
Air Magic      | 1 2 3 4 5 7 8 |  8.6
Earth Magic    | 1 2 3 4 5 7 8 |  8.6
Alchemy        | 1 2 3 4 5 7 8 |  8.6
Long Blades    | 3 4 5 6 7 |  7.6
Armour         | 2 3 4 5 6 7 |  7.7
Dodging        | 3 4 5 6 7 8 |  8.7
Fighting       | 4 5 6 8 |  8.3
Evocations     | 5 6 |  6.4
Shields        | 1 |  1.9

Action                     |  1- 3 |  4- 6 |  7- 9 | 10-12 || total
---------------------------+-------+-------+-------+-------++-------
  Melee: Falchion          |    76 |    75 |   404 |   734 ||  1289
         Punch             |       |       |     8 |     9 ||    17
   Cast: Animate Dead      |       |       |     1 |    15 ||    16
         Scorch            |       |       |     1 |     4 ||     5
         Vhi's Electric Ch |       |       |       |     2 ||     2
  Evoke: Wand              |       |       |       |     6 ||     6
    Use: Scroll            |     1 |     3 |     4 |     1 ||     9
         Potion            |       |       |       |     2 ||     2
   Stab: Sleeping          |       |     4 |       |     1 ||     5
         Distracted        |       |       |     1 |     7 ||     8
         Confused          |       |       |     2 |     5 ||     7
         Invisible         |       |       |       |     7 ||     7
         Paralysed         |       |       |       |    12 ||    12
 Armour: Leather armour    |    43 |    41 |   229 |   613 ||   926
  Dodge: Dodged            |    55 |    47 |   247 |   818 ||  1167
  Block: Other             |     4 |     9 |    76 |   109 ||   198
         Kite shield       |       |       |       |   188 ||   188

Table legend: (Time is in decaauts)
 A = Elapsed time spent in this place.
 B = Non-inter-level travel time spent in this place.
 C = Inter-level travel time spent in this place.
 D = Time resting spent in this place.
 E = Time spent auto-exploring this place.
 F = Levels seen in this place.
 G = Mean time per level.
                   A        B        C        D        E       F      G
               +--------+--------+--------+--------+--------+-----+--------+
         Total |  15181 |  14861 |    320 |   7030 |   5407 |  12 | 1265.1 |
       Dungeon |  14821 |  14501 |    320 |   6993 |   5301 |  11 | 1347.4 |
        Bailey |    359 |    359 |      0 |     37 |    106 |   1 |  359.0 |
               +--------+--------+--------+--------+--------+-----+--------+

Top non-repeatable levels by time:
     D:1: 7745 daAuts
     D:7: 1388 daAuts
     D:9: 858 daAuts
    D:10: 853 daAuts
     D:6: 780 daAuts
     D:8: 748 daAuts
     D:2: 700 daAuts
     D:4: 601 daAuts
     D:5: 437 daAuts
     D:3: 432 daAuts
  Bailey: 359 daAuts
    D:11: 275 daAuts
